 Dungeon Crawl Stone Soup version 0.28-a0-1227-ga9037bb4c8 (webtiles) character file.

Game seed: 7814102400718869603

689 ytrimaz the Insei (level 7, -5/45 HPs)
             Began as an Octopode Transmuter on Dec 23, 2021.
             Slain by an ice beast (14 damage)
             ... on level 5 of the Dungeon.
             The game lasted 00:04:15 (5628 turns).

ytrimaz the Insei (Octopode Transmuter)             Turns: 5628, Time: 00:04:15

Health: -5/45      AC:  2    Str:  9    XL:     7   Next: 63%
Magic:  11/13      EV: 22    Int: 17    God:
Gold:   180        SH:  0    Dex: 24    Spells: 8/14 levels left

rFire   . . .      SeeInvis .     - Unarmed
rCold   . . .      Faith    .   (shield currently unavailable)
rNeg    + . .      Spirit   .   (helmet currently unavailable)
rPois   x          Reflect  .   (no amulet)
rElec   .          Harm     .   d - ring of resist corrosion
rCorr   +          Rampage  .   f - +6 ring of dexterity
Will    .....                   e - ring of positive energy
Stlth   ++........              (no ring)
HPRegen 0.15/turn               (no ring)
MPRegen 0.13/turn               (no ring)
                                (no ring)
                                (no ring)

@: spider-form (expiring)
A: venomous fangs, almost no armour, (amphibious), 8 rings, tiny, (camouflage
1), (gelatinous body 1), (nimble swimmer 1), (tentacles)
a: End Transformation


You were on level 5 of the Dungeon.
You were a venomous arachnid creature.
You visited 1 branch of the dungeon, and saw 5 of its levels.

You collected 180 gold pieces.

Inventory:

Jewellery
 d - a ring of resist corrosion (left front leg)
 e - a ring of positive energy (on tentacle)
 f - a +6 ring of dexterity (right front leg)
Wands
 h - a wand of mindburst (17)
Scrolls
 a - 2 scrolls of torment
 b - a scroll of noise
 g - a scroll of identify


   Skills:
 * Level 2.8 Fighting
 * Level 3.5 Dodging
 + Level 4.7 Unarmed Combat
 * Level 4.0 Spellcasting
 * Level 3.9 Transmutations
 * Level 2.9 Poison Magic


You had 8 spell levels left.
You knew the following spells:

 Your Spells              Type           Power      Damage    Failure   Level
a - Beastly Appendage     Tmut           32%        N/A       11%         1
b - Wereblood             Tmut           16%        N/A       14%         2
c - Spider Form           Tmut/Pois      15%        N/A       28%         3

Your spell library contained the following spells:

 Spells                   Type           Power      Damage    Failure   Level
 Animate Skeleton         Necr           6%         N/A       34%         1
 Apportation              Tloc           6%         N/A       34%         1
 Pain                     Necr           12%        1d4       34%         1
 Summon Small Mammal      Summ           12%        N/A       34%         1
 Vampiric Draining        Necr           3%         2d6       65%         3
 Ice Form                 Ice/Tmut       10%        N/A       77%         4


Dungeon Overview and Level Annotations

Branches:
Dungeon (5/15)
 Temple: D:4-7

Altars:
Vehumet

Annotations:
D:4 3 runed translucent doors, pokeman's ghost, amateur DEWz


Innate Abilities, Weirdness & Mutations

You are a venomous arachnid creature.
You have poisonous fangs.
You are tiny and dextrous.
Your spellcasting is less reliable in this form.
Your armour is entirely melded.
You are incapable of wielding weapons or throwing items.
You cannot wear most types of armour.
((You are amphibious.))
You can wear up to eight rings at the same time.
((Your skin changes colour to match your surroundings (Stealth+).))
((Your rubbery body absorbs attacks. (AC +1, EV +1)))
((You are camouflaged when in or above water. (Stealth+)))
((You have tentacles for arms and can constrict up to eight enemies at once.))


Message History

There is a stone staircase leading down here.
HP restored.
Done exploring.
Done exploring.
Casting: Spider Form (dangerous; 12% risk of failure)
Confirm with . or Enter, or press ? or * to list all spells.
You turn into a venomous arachnid creature.
You climb downwards.
The ice beast misses you. x2
There is a stone staircase leading up here.
You hit the ice beast.
The ice beast is lightly wounded.
You hit the ice beast.
The ice beast is moderately wounded.
The ice beast closely misses you.
You hit the ice beast.
The ice beast is heavily wounded.
Your transformation is almost over.
The ice beast barely misses you.
You barely miss the ice beast.
The ice beast is heavily wounded.
The ice beast closely misses you.
You hit the ice beast.
The ice beast is severely wounded.
The ice beast barely misses you.
You hit the ice beast but do no damage.
The ice beast is severely wounded.
The ice beast closely misses you.
You hit the ice beast.
The ice beast is severely wounded.
The ice beast hits you. The ice beast freezes you!
You hit the ice beast.
The ice beast is severely wounded.
The ice beast hits you. The ice beast freezes you!
* * * LOW HITPOINT WARNING * * *
You hit the ice beast.
The ice beast is poisoned.
The ice beast is almost dead.
The ice beast hits you.
* * * LOW HITPOINT WARNING * * *
The ice beast freezes you!
You die...

.....÷........#
###........>..##
#....###[..#...##
#...h# #........###
#...## ##.........#
##.## ###.[...#$# #o#
##.÷.##.#
#.#########...##.###
#.#....).....$.sY..#
##.#.#######...##†#.#
#....Y.######.###.#.#
.#.#.#.##.....# #.# #
##[##.....##### #.#
.#.#.#.#..# #.#
.......#..# #.#
...........# #.#
....####...# #..


You could see an ice beast (very poisoned).

Vanquished Creatures
  An orc warrior (D:5)
  An ogre (D:4)
  A phantom (D:4)
  2 scorpions
  An orc priest (D:4)
  A hound (D:4)
  An iguana (D:4)
  A bullfrog skeleton (D:3)
  2 orc wizards (D:5)
  3 gnolls (D:4)
  3 adders
  An ufetubus (D:4)
  An adder skeleton (D:4)
  2 worms (D:2)
  2 dart slugs
  11 orcs
  4 ball pythons
  3 endoplasms
  2 giant cockroaches
  5 goblins
  3 hobgoblins
  4 jackals
  3 kobolds
  5 quokkas
  3 bats
  8 frilled lizards
  7 rats
81 creatures vanquished.

Vanquished Creatures (others)
  A jackal (D:5)
1 creature vanquished.

Grand Total: 82 creatures vanquished

Notes
Turn   | Place    | Note
-------+----------+-------------------------------------------
     0 | D:1      | ytrimaz the Octopode Transmuter began the quest for the
                  | Orb.
     0 | D:1      | Reached XP level 1. HP: 13/13 MP: 3/3
   408 | D:1      | Reached XP level 2. HP: 17/18 MP: 5/5
   491 | D:1      | Learned a level 2 spell: Wereblood
   660 | D:1      | You fall into a shaft and drop 1 floor!
   762 | D:2      | Reached XP level 3. HP: 18/23 MP: 6/6
   773 | D:2      | Learned a level 3 spell: Spider Form
  1050 | D:2      | Found a faded altar of an unknown god.
  1906 | D:2      | Found a radiant altar of Vehumet.
  2769 | D:3      | Reached XP level 4. HP: 14/28 MP: 7/7
  3617 | D:4      | Reached XP level 5. HP: 34/34 MP: 6/9
  3625 | D:4      | Reached skill level 1 in Poison Magic
  3935 | D:4      | Found a runed translucent gate.
  3935 | D:4      | Found a runed translucent gate.
  3935 | D:4      | Found a runed translucent gate.
  3945 | D:4      | Noticed pokeman's ghost (amateur DEWz)
  4009 | D:4      | Noticed an ogre
  4018 | D:4      | Killed an ogre
  4019 | D:4      | Reached XP level 6. HP: 15/39 MP: 3/10
  4599 | D:4      | Reached XP level 7. HP: 45/45 MP: 10/12
  4967 | D:5      | Entered Level 5 of the Dungeon
  5628 | D:5      | Slain by an ice beast

Illustrated notes

Levels and vault maps discovered:
D:1:      dpeg_arrival_three_same_balls, layout_basic
D:2:      layout_loops_ring, basic_altar, hellmonk_ecumenical_altar_run_dry
D:3:      layout_loops_corners
D:4:      layout_loops_ring, gammafunk_ghost_split
D:5:      layout_loops_ring, grunt_dithmenos_smoke,
          gammafunk_temple_overflow_pools, uniq_edmund

Skill      XL: |  1  2  3  4  5  6  7 |
---------------+----------------------+-----
Poison Magic   | 1 2 |  2.9
Fighting       | 2 |  2.8
Spellcasting   | 3 4 |  4.0
Transmutations | 3 |  3.9
Dodging        | 3 |  3.5
Unarmed Combat | 4 |  4.7

Action                   |  1- 3 |  4- 6 |  7- 9 || total
-------------------------+-------+-------+-------++-------
Melee: Unarmed           |   102 |    84 |    40 ||   226
       Constrict         |    25 |    21 |     3 ||    49
       Tentacles         |    19 |    18 |     4 ||    41
       Kick              |    12 |    19 |     4 ||    35
       Punch             |     2 |     3 |       ||     5
 Cast: Beastly Appendage |    22 |    13 |     3 ||    38
       Wereblood         |     1 |     1 |       ||     2
       Spider Form       |       |     2 |     4 ||     6
  Use: Scroll            |     3 |     2 |       ||     5
       Potion            |       |     1 |     1 ||     2
 Stab: Sleeping          |     5 |     4 |       ||     9
       Distracted        |       |       |     1 ||     1
       Invisible         |       |       |     1 ||     1
Armor: Skin              |     8 |     2 |       ||    10
Dodge: Dodged            |    63 |    62 |    33 ||   158

Table legend: (Time is in decaauts)
 A = Elapsed time spent in this place.
 B = Non-inter-level travel time spent in this place.
 C = Inter-level travel time spent in this place.
 D = Time resting spent in this place.
 E = Time spent auto-exploring this place.
 F = Levels seen in this place.
 G = Mean time per level.
                   A        B        C        D        E       F      G
               +--------+--------+--------+--------+--------+-----+--------+
         Total |   5614 |   5546 |     68 |    308 |   4463 |   5 | 1122.8 |
       Dungeon |   5614 |   5546 |     68 |    308 |   4463 |   5 | 1122.8 |
               +--------+--------+--------+--------+--------+-----+--------+

Top non-repeatable levels by time:
     D:4: 1866 daAuts
     D:2: 1501 daAuts
     D:3: 1364 daAuts
     D:1: 658 daAuts
     D:5: 224 daAuts
